 Dungeon Crawl Stone Soup version 0.21.1-1-g345015f (webtiles) character file.

14 inc the Scratcher (level 2, 5/19 HPs)
             Began as a Felid Transmuter on Mar 14, 2018.
             Quit the game on level 1 of the Dungeon.
             The game lasted 00:00:44 (541 turns).

inc the Scratcher (Felid Transmuter)                 Turns: 541, Time: 00:00:45

Health: 5/19       AC: 21    Str:  6    XL:     2   Next: 31%
Magic:  6/6        EV:  4    Int: 14    God:
Gold:   36         SH:  0    Dex: 16    Spells: 4/5 levels left
                                        Lives:  0   Deaths: 0

rFire    . . .     SeeInvis +     - Unarmed
rCold    . . .     Gourm    .   (shield unavailable)
rNeg     + + +     Faith    .   (armour unavailable)
rPois    +         Spirit   .   (helmet unavailable)
rElec    .         Reflect  .   (cloak unavailable)
rCorr    .         Harm     .   (gloves unavailable)
MR       .....     NoTele   +   (boots unavailable)
Stlth    +.........             (no amulet)
HPRegen  0.06/turn              (no ring)
MPRegen  0.10/turn              (no ring)

@: confused, lethally poisoned (5 -> -1), tree-form
A: very small, no armour, no weapons or thrown items, stealth, see invisible,
carnivore, deterioration 1, sense surroundings 1, robust 1, slow metabolism 1
a: no special abilities


You were on level 1 of the Dungeon.
You were not hungry.
You were a tree.
You visited 1 branch of the dungeon, and saw 1 of its levels.

You collected 36 gold pieces.

Inventory:

Missiles
 a - 12 arrows
Scrolls
 d - a scroll of identify {unknown}
 e - 2 scrolls of amnesia {unknown}
 f - a scroll of blinking {unknown}
 g - a scroll of random uselessness {unknown}
 k - a scroll of teleportation {unknown}
Books
 b - a book of Changes

   Spells                             Type                      Level
   a - Beastly Appendage              Transmutation                1
   b - Sticks to Snakes               Transmutation                2
   c - Spider Form                    Transmutation/Poison         3
   d - Ice Form                       Ice/Transmutation            4
   e - Blade Hands                    Transmutation                5
Comestibles
 c - 2 rations


   Skills:
 - Level 1.0 Fighting
 - Level 2.6 Dodging
 + Level 3.8 Unarmed Combat
 - Level 2.0 Spellcasting
 - Level 2.1 Transmutations


You had 4 spell levels left.
You knew the following spells:

 Your Spells              Type           Power        Failure   Level  Hunger
a - Beastly Appendage     Tmut           #.....       10%         1    ##.....


Dungeon Overview and Level Annotations

Branches:
Dungeon (1/15)

Altars:


Innate Abilities, Weirdness & Mutations

You cannot wear armour.
You are incapable of wielding weapons or throwing items.
Your paws allow you to move quietly. (Stealth)
((You have sharp claws.))
((You have razor-sharp teeth.))
You have supernaturally acute eyesight. (SInv)
You are carnivorous and can eat meat at any time.
((You cover ground quickly.))
((You are covered in fur. (AC +1)))
You have a slow metabolism.
((Your sharp claws are effective at attacking unaware monsters.))
((You are partially covered in icy blue scales. (AC +2)))
Your body sometimes deteriorates upon taking damage.
You passively map a small area around you.
You are robust. (+10% HP)


Message History

You kill the goblin!
* * * LOW HITPOINT WARNING * * *
You feel sick.
Unknown command.
It was a potion of lignification.
You turn into a tree.
Your roots penetrate the ground.
* * * LOW HITPOINT WARNING * * *
You feel sick.
* * * LOW HITPOINT WARNING * * *
You feel sick.
* * * LOW HITPOINT WARNING * * *
You feel sick.
It was a potion of mutation.
You feel extremely strange.
You feel yourself wasting away.
You feel robust.
You feel a strange attunement to the structure of the dungeons.
Icy blue scales grow over part of your body.
It was a potion of ambrosia.
You are confused.
You feel invigorated.
Are you sure you want to abandon this character and quit the game? (Confirm with "yes".)

#######
#....)#
#..(..#
#.....#
#))...#
#.♣$..#
#.....#
#..>..#
##.(..#
#(##.# #.#
.#
######.# .
* #......#
#...
###.######
#.. #


There were no monsters in sight!

Vanquished Creatures
  A leopard gecko (D:1)
  2 goblins (D:1)
  3 hobgoblins (D:1)
  A bat (D:1)
  3 kobolds (D:1)
  4 rats (D:1)
14 creatures vanquished.

Notes
Turn   | Place    | Note
-------+----------+-------------------------------------------
     0 | D:1      | inc the Felid Transmuter began the quest for the Orb.
     0 | D:1      | Reached XP level 1. HP: 9/9 MP: 4/4
   267 | D:1      | Reached XP level 2. HP: 12/12 MP: 6/6
   539 | D:1      | Gained mutation: Your body sometimes deteriorates upon taking damage. [potion of mutation]
   539 | D:1      | Gained mutation: You are robust. (+10% HP) [potion of mutation]
   539 | D:1      | Gained mutation: You passively map a small area around you. [potion of mutation]
   539 | D:1      | Gained mutation: You are partially covered in icy blue scales. (AC +2) [potion of mutation]
   541 | D:1      | Quit the game

Action                   || total
-------------------------++-------
Melee: Unarmed           ||    32
       Bite              ||     2
       Punch             ||     1
  Use: Potion            ||     3
 Stab: Sleeping          ||     2
Armor: Skin              ||     1
Dodge: Dodged            ||    18
